 Dungeon Crawl Stone Soup version 0.30-a0-739-gea05faddec (webtiles) character file.

Game seed: 17857014666261963360

6264 experimilk the Destroyer (level 10, 0/60 (69) HPs)
             Began as a Pale Draconian Conjurer on Feb 5, 2023.
             Was a Follower of Vehumet.
             Killed from afar by Nergalle (31 damage)
             ... with a bolt of negative energy
             ... on level 1 of the Lair of Beasts.
             The game lasted 00:29:24 (11867 turns).

experimilk the Destroyer (Pale Draconian Conjurer) Turns: 11867, Time: 00:29:25

HP:   0/60 (69)     AC:  7    Str: 11    XL:     10   Next: 62%
MP:   2/23          EV: 12    Int: 22    God:    Vehumet [*.....]
Gold: 625           SH:  0    Dex:  9    Spells: 13/27 levels left

rFire   . . .      SeeInvis .    v - +1 dagger (freeze)
rCold   . . .      Faith    .    (no shield)
rNeg    . . .      Spirit   .    (body armour unavailable)
rPois   .          Reflect  .    (helmet restricted)
rElec   .          Harm     .    (no cloak)
rCorr   .          Rampage  .    (no gloves)
Will    +....                    (no boots)
Stlth   ++                       (no amulet)
HPRegen 0.30/turn                e - ring of willpower
MPRegen 0.18/turn                y - ring of wizardry

@: mighty, heavily drained
A: breathe steam, AC +7, unfitting armour, cold-blooded, steam resistance
a: Breathe Steam, Renounce Religion


You were on level 1 of the Lair of Beasts.
You worshipped Vehumet.
Vehumet was aware of your devotion.
You visited 3 branches of the dungeon, and saw 11 of its levels.

You collected 625 gold pieces.

Inventory:

Hand Weapons
 c - a +0 whip of pain
 v - a +1 dagger of freezing (weapon)
Magical Staves
 t - a staff of poison
 z - a staff of air
Jewellery
 e - a ring of willpower (left hand)
 y - a ring of wizardry (right hand)
 B - a ring of ice
 E - a +6 ring of intelligence
Wands
 r - a wand of roots (5)
 s - a wand of mindburst (30)
Scrolls
 a - 3 scrolls of vulnerability
 d - 2 scrolls of amnesia
 f - a scroll of fog {unknown}
 g - a scroll of acquirement {unknown}
 l - 2 scrolls of enchant weapon {unknown}
 m - a scroll of poison {unknown}
 n - a scroll of summoning {unknown}
 o - a scroll of blinking {unknown}
 q - 3 scrolls of torment
 u - 2 scrolls of enchant armour {unknown}
 w - a scroll of immolation {unknown}
 x - 2 scrolls of magic mapping {unknown}
 C - a scroll of fear {unknown}
Potions
 b - 7 potions of heal wounds
 h - 3 potions of cancellation
 i - 2 potions of haste {unknown}
 j - 3 potions of curing
 k - a potion of attraction {unknown}
 p - a potion of might
 A - a potion of degeneration {unknown}


   Skills:
 - Level 1.7 Dodging
 - Level 1.7 Stealth
 - Level 9.0 Spellcasting
 * Level 12.3 Conjurations
 - Level 3.3 Translocations
 - Level 5.0 Air Magic


You had 13 spell levels left.
You knew the following spells:

 Your Spells              Type           Power      Damage    Failure   Level
a - Magic Dart            Conj           100%       1d8       1%          1
b - Fulminant Prism       Conj/Hex       18%        3d10      2%          4
c - Mephitic Cloud        Conj/Pois/Air  35%        N/A       1%          3
x - Iskenderun's Mystic   Conj/Tloc      44%        2d10      1%          4
z - Searing Ray           Conj           100%       2d8       1%          2

Your spell library contained the following spells:

 Spells                   Type           Power      Damage    Failure   Level
 Kiss of Death            Conj/Necr      100%       2d13      1%          1
 Dazzling Flash           Conj/Hex       74%        N/A       1%          3
 Call Imp                 Summ           9%         N/A       4%          2
 Frozen Ramparts          Ice            18%        1d3       9%          3
 Ice Form                 Ice/Tmut       9%         N/A       26%         4
 Summon Ice Beast         Ice/Summ       9%         N/A       26%         4


Dungeon Overview and Level Annotations

Branches:
Dungeon (9/15)             Temple (1/1) D:6            Lair (1/5) D:8
    Orc: D:9-12

Altars:
Ashenzari
Cheibriados
Fedhas
Hepliaklqana
Kikubaaqudgha
Makhleb
Okawaru
Qazlal
Ru
Sif Muna
Trog
Uskayaw
Vehumet
Wu Jian
Xom
Yredelemnul
Zin
The Shining One

Shops:
D:1 :   D:2 (

Annotations:
Lair:1 Nergalle


Innate Abilities, Weirdness & Mutations

You can breathe blasts of scalding, opaque steam.
Your pale cyan-grey scales are hard. (AC +7)
You cannot fit into any form of body armour.
You are cold-blooded and may be slowed by cold attacks.
You are immune to the effects of steam.


Message History

The fungus begins to die.
The fungus is lightly damaged.
You barely miss Nergalle.
Nergalle is severely wounded.
Nergalle hits you with a +2 dagger of protection.
You closely miss Nergalle.
Nergalle is severely wounded.
Nergalle hits you with a +2 dagger of protection.
You barely miss Nergalle.
Nergalle is severely wounded.
Nergalle gestures at you while chanting.
Orcish apparitions take form around you.
You closely miss Nergalle.
Your tail-slap misses Nergalle.
Nergalle is severely wounded.
A nearby fungus withers and dies.
Nergalle grimaces horribly.
Nergalle barely misses you. The spectral orc warrior misses you.
You closely miss Nergalle.
Nergalle is severely wounded.
A nearby fungus withers and dies.
Nergalle gestures at you while chanting.
The bolt of negative energy hits you!!
You feel drained.
* * * LOW HITPOINT WARNING * * *
The spectral orc warrior hits you with a +0 scimitar.
* * * LOW HITPOINT WARNING * * *
You feel much better.
Nergalle hits you with a +2 dagger of protection.
The spectral orc warrior hits you with a +0 scimitar.
You feel drained.
Aiming: Mindburst
Press: ? - help, Q - select action, (/) - cycle Shift-Dir - straight line, f - spectral orc warrior
Aim: a spectral orc warrior, wielding a +0 scimitar and wearing a +0 chain mail (summoned, infinite will)
Okay, then.
Okay, then.
It was a potion of might.
You feel very mighty all of a sudden. Nergalle casts a spell at you.
The bolt of negative energy hits you!!
You feel drained.
Ouch! That really hurt!
You die...

#### .. ##..##
... ###....#
#...
......####....
#...........#
#..o........#
###.@Z........
#..÷.<........
#..##††.[.....
.....
#†........
...##
#..[..#.## ..
#.....# # #
........
.....##.#
....### .#


You could see Nergalle and a spectral orc warrior (summoned).

Vanquished Creatures
  A manticore (D:9)
  A meliai (D:9)
  A troll (D:9)
  2 slime creatures (D:9)
  A wyvern (D:9)
  A basilisk (Lair:1)
  9 yaks (D:9)
  2 steam dragons (D:7)
  Duvessa (D:6)
  4 water moccasins
  An orc warrior (D:9)
  3 sky beasts (D:7)
  4 ogres
  2 centaurs
  A kobold brigand (D:9)
  2 phantoms (D:5)
  3 bullfrogs
  3 necrophages
  5 scorpions
  Dowan (D:6)
  6 killer bees (D:9)
  2 howler monkeys
  5 hounds
  A jelly (D:6)
  A gnoll bouda (D:9)
  2 orc priests
  5 iguanas
  3 orc wizards
  4 gnolls (D:9)
  6 adders
  3 shadow imps
  4 white imps
  2 ufetubi (D:5)
  3 worms
  4 dart slugs
  25 orcs
  6 ball pythons
  3 bats
  5 endoplasms
  3 giant cockroaches
  9 goblins
  7 hobgoblins
  10 kobolds
  A quokka (D:5)
  5 frilled lizards
  2 rats (D:2)
175 creatures vanquished.

Vanquished Creatures (others)
  11 fulminant prisms
  4 fungi
  3 plants (Lair:1)
18 creatures vanquished.

Grand Total: 193 creatures vanquished

Notes
Turn   | Place    | Note
-------+----------+-------------------------------------------
     0 | D:1      | experimilk the Draconian Conjurer began the quest for the
                  | Orb.
     0 | D:1      | Reached XP level 1. HP: 14/14 MP: 3/3
   436 | D:1      | Reached XP level 2. HP: 20/20 MP: 1/5
   637 | D:1      | You fall into a shaft and drop 1 floor!
   667 | D:2      | Learned a level 2 spell: Searing Ray
   995 | D:1      | Found Icug's Vocational Training.
  1017 | D:1      | Reached skill level 5 in Conjurations
  1017 | D:1      | Reached XP level 3. HP: 26/26 MP: 2/6
  1638 | D:2      | Found Ijeun's Weapon Boutique.
  1656 | D:2      | Found an iron altar of Okawaru.
  1723 | D:2      | HP: 1/26 [worm (10)]
  1725 | D:2      | Reached XP level 4. HP: 2/33 MP: 0/7
  2318 | D:3      | Reached skill level 6 in Conjurations
  2475 | D:3      | Noticed a scorpion
  2483 | D:3      | Killed a scorpion
  2484 | D:3      | Reached XP level 5. HP: 38/38 MP: 2/8
  2835 | D:3      | Found a faded altar of an unknown god.
  3143 | D:3      | Reached skill level 7 in Conjurations
  4612 | D:4      | Reached XP level 6. HP: 45/45 MP: 1/9
  5202 | D:4      | Reached skill level 8 in Conjurations
  5926 | D:5      | Entered Level 5 of the Dungeon
  6009 | D:5      | Found a shimmering altar of Xom.
  6009 | D:5      | Found a shimmering altar of Xom.
  6010 | D:5      | Found a shimmering altar of Xom.
  6013 | D:5      | Found a shimmering altar of Xom.
  6014 | D:5      | Found a shimmering altar of Xom.
  6055 | D:5      | Your scales start taking on a pale cyan-grey colour.
  6055 | D:5      | Reached XP level 7. HP: 41/50 MP: 2/10
  6055 | D:5      | Gained mutation: You are immune to the effects of steam.
                  | [Pale Draconian growth]
  6371 | D:5      | Reached skill level 9 in Conjurations
  6749 | D:5      | Reached skill level 10 in Conjurations
  7248 | D:5      | Reached XP level 8. HP: 57/57 MP: 8/11
  7422 | D:6      | Noticed Duvessa
  7422 | D:6      | Noticed Dowan
  7426 | D:6      | Killed Dowan
  7433 | D:6      | Killed Duvessa
  7653 | D:6      | Reached skill level 11 in Conjurations
  7658 | D:6      | Learned a level 4 spell: Iskenderun's Mystic Blast
  7726 | D:6      | Reached skill level 1 in Translocations
  8021 | D:6      | Found a broken altar of Ashenzari.
  8319 | D:6      | Identified the +5 ring mail "Elopnocw" {rC+}
  8419 | D:6      | Found a staircase to the Ecumenical Temple.
  8460 | Temple   | Entered the Ecumenical Temple
  8508 | Temple   | Became a worshipper of Vehumet
  8751 | D:6      | Found an ancient bone altar of Kikubaaqudgha.
  8910 | D:7      | Reached XP level 9. HP: 62/62 MP: 15/15
  9112 | D:7      | Reached skill level 5 in Spellcasting
  9800 | D:8      | Found a staircase to the Lair.
  9800 | D:8      | Noticed a death yak
  9814 | D:8      | Noticed a death yak
  9875 | D:8      | Noticed a death yak
  9875 | D:8      | Noticed a death yak
  9882 | Lair:1   | Entered Level 1 of the Lair of Beasts
  9887 | Lair:1   | Learned a level 3 spell: Mephitic Cloud
  9890 | Lair:1   | Reached skill level 1 in Air Magic
  9925 | Lair:1   | Noticed Nergalle
 10021 | D:9      | Noticed a manticore
 10030 | D:9      | Killed a manticore
 10154 | D:9      | Reached skill level 5 in Air Magic
 10269 | D:9      | Noticed a meliai
 10290 | D:8      | Noticed a death yak
 10363 | D:9      | Reached XP level 10. HP: 69/69 MP: 11/21
 10368 | D:9      | Reached * piety under Vehumet
 10368 | D:9      | Offered knowledge of Kiss of Death by Vehumet.
 10475 | D:9      | Learned a level 4 spell: Fulminant Prism
 11208 | D:9      | Reached skill level 12 in Conjurations
 11425 | D:9      | Found a glowing silver altar of Zin.
 11867 | Lair:1   | Killed from afar by Nergalle

Illustrated notes

Levels and vault maps discovered:
D:1:      evilmike_arrival_hilbert_curve, layout_loops_ring,
          nicolae_shop_vocational
D:2:      layout_rooms, basic_altar, serial_shops,
          nicolae_shop_bloodbath_and_beyond
D:3:      layout_basic, basic_ecumenical_altar, kennysheep_generic_room_4
D:4:      layout_loops_corners, nicolae_titane
D:5:      layout_gridville, xom_redecorated, minmay_splitting_lines
D:6:      layout_loops_ring, marbit_many_paths, mainiacjoe_overflow_boulevard,
          minmay_temple_entry_enclosed_plants, uniq_duvessa
D:7:      layout_loops_ring, hangedman_misty_isle
D:8:      layout_cave_pods, minitemple, grunt_gozag_breadcrumbs,
          dpeg_lair_monsters
D:9:      layout_basic, overflow_temple_1_default, minivault_26, kb_rosetta
Temple:   nicolae_temple_bog_church
Lair:1:   layout_misc_corridors, grunt_megastairs_1, uniq_nergalle, uniq_joseph

Skill      XL: |  1  2  3  4  5  6  7  8  9 10 |
---------------+-------------------------------+-----
Conjurations   | 5 6 7 8 10 11 12 | 12.3
Translocations | 3 |  3.3
Spellcasting   | 4 7 9 |  9.0
Air Magic      | 5 |  5.0
Dodging        | |  1.7
Stealth        | |  1.7

Action                     |  1- 3 |  4- 6 |  7- 9 | 10-12 || total
---------------------------+-------+-------+-------+-------++-------
  Melee: Whip              |    28 |    23 |       |       ||    51
         Tailslap          |     3 |     2 |       |     7 ||    12
         Punch             |       |     1 |       |     2 ||     3
         Staff             |       |       |     3 |     2 ||     5
         Dagger            |       |       |       |    31 ||    31
   Cast: Magic Dart        |    39 |    62 |    46 |    13 ||   160
         Searing Ray       |     7 |    21 |    38 |    13 ||    79
         Iskenderun's Myst |       |       |     7 |     5 ||    12
         Mephitic Cloud    |       |       |     1 |     9 ||    10
         Fulminant Prism   |       |       |       |    11 ||    11
Ability: Breathe Steam     |       |       |    35 |     7 ||    42
  Evoke: Wand              |       |       |     2 |     4 ||     6
    Use: Potion            |     1 |       |       |     3 ||     4
         Scroll            |       |     4 |     1 |     1 ||     6
   Stab: Confused          |       |       |       |     3 ||     3
 Armour: Skin              |    11 |     2 |     7 |    12 ||    32
  Dodge: Dodged            |    22 |    14 |    27 |    28 ||    91

Table legend: (Time is in decaauts)
 A = Elapsed time spent in this place.
 B = Non-inter-level travel time spent in this place.
 C = Inter-level travel time spent in this place.
 D = Time resting spent in this place.
 E = Time spent auto-exploring this place.
 F = Levels seen in this place.
 G = Mean time per level.
                   A        B        C        D        E       F      G
               +--------+--------+--------+--------+--------+-----+--------+
         Total |  11882 |  11478 |    404 |   3045 |   7052 |  11 | 1080.2 |
       Dungeon |  11715 |  11328 |    387 |   3045 |   6997 |   9 | 1301.7 |
        Temple |     67 |     50 |     17 |      0 |     32 |   1 |   67.0 |
          Lair |     99 |     99 |      0 |      0 |     23 |   1 |   99.0 |
               +--------+--------+--------+--------+--------+-----+--------+

Top non-repeatable levels by time:
     D:4: 2076 daAuts
     D:9: 1755 daAuts
     D:3: 1688 daAuts
     D:5: 1589 daAuts
     D:2: 1193 daAuts
     D:1: 1152 daAuts
     D:7: 1068 daAuts
     D:6: 1012 daAuts
     D:8: 178 daAuts
  Lair:1: 99 daAuts
  Temple: 67 daAuts
